 Dungeon Crawl Stone Soup version 0.27-a0-412-g8dd771eca2 (webtiles) character file.

Game seed: 17622735086783334382

724 hellse the Firebug (level 7, -1/36 HPs)
             Began as a Deep Elf Fire Elementalist on Feb 23, 2021.
             Slain by a gnoll
             ... wielding a +0 flail
              (9 damage)
             ... on level 5 of the Dungeon.
             The game lasted 00:10:14 (5684 turns).

hellse the Firebug (Deep Elf Fire Elementalist)     Turns: 5684, Time: 00:10:15

Health: -1/36      AC:  2    Str:  5    XL:     7   Next: 43%
Magic:  11/13      EV: 13    Int: 22    God:
Gold:   145        SH:  0    Dex: 15    Spells: 2/12 levels left

rFire    . . .     SeeInvis .   q - +4 dagger (elec)
rCold    . . .     Faith    .   (no shield)
rNeg     + . .     Spirit   .   g - +0 robe {Will+}
rPois    .         Reflect  .   (no helmet)
rElec    .         Harm     .   (no cloak)
rCorr    .         Rampage  .   (no gloves)
Will     +....                  (no boots)
Stlth    ++........             (no amulet)
HPRegen  0.12/turn              h - ring of positive energy
MPRegen  0.13/turn              (no ring)

@: no status effects
A: no striking features
a: no special abilities


You were on level 5 of the Dungeon.
You visited 1 branch of the dungeon, and saw 5 of its levels.

You collected 145 gold pieces.

Inventory:

Hand Weapons
 e - a +0 short sword
 j - a +1 vampiric dagger
 q - a +4 dagger of electrocution (weapon)
Armour
 g - a +0 robe of willpower (worn)
Jewellery
 h - a ring of positive energy (left hand)
Wands
 o - a wand of iceblast (6)
 s - a wand of polymorph (10)
Scrolls
 n - a scroll of immolation
 r - a scroll of identify
Potions
 a - a potion of magic {unknown}
 b - a potion of haste {unknown}
 c - a potion of lignification {unknown}
 d - 2 potions of curing {unknown}
 f - 2 potions of brilliance {unknown}
 i - a potion of degeneration {unknown}
 k - a potion of invisibility {unknown}
 l - a potion of berserk rage {unknown}
 m - a potion of heal wounds {unknown}
 p - a potion of attraction {unknown}


   Skills:
 - Level 2.4 Dodging
 - Level 2.4 Stealth
 - Level 3.0 Spellcasting
 + Level 6.8 Conjurations
 + Level 6.8 Fire Magic


You had 2 spell levels left.
You knew the following spells:

 Your Spells              Type           Power        Failure   Level
a - Foxfire               Conj/Fire      100%         1%          1
b - Sticky Flame          Conj/Fire      33%          8%          4
c - Fireball              Conj/Fire      16%          22%         5

Your spell library contained the following spells:

 Spells                   Type           Power        Failure   Level
 Summon Small Mammal      Summ           12%          12%         1
 Call Imp                 Summ           3%           19%         2
 Conjure Flame            Conj/Fire      33%          2%          3
 Inner Flame              Hex/Fire       18%          10%         3
 Call Canine Familiar     Summ           3%           36%         3
 Summon Guardian Golem    Hex/Summ       3%           36%         3
 Summon Ice Beast         Ice/Summ       3%           77%         4
 Summon Lightning Spire   Summ/Air       3%           77%         4


Dungeon Overview and Level Annotations

Branches:
Dungeon (5/15)
 Temple: D:4-7

Altars:
Okawaru
Trog


Message History

The gnoll sergeant is heavily wounded.
The gnoll sergeant is covered in liquid flames!
The gnoll sergeant burns!
The gnoll hits you from afar with a +0 spear!
The gnoll barely misses you.
The gnoll sergeant burns!
The gnoll sergeant hits you from afar with a +0 trident!
* * * LOW HITPOINT WARNING * * *
The gnoll sergeant burns!
You kill the gnoll sergeant!
The gnoll hits you from afar with a +0 spear.
* * * LOW HITPOINT WARNING * * *
Okay, then.
There is a stone staircase leading up here.
Aiming: Iceblast
Press: ? - help, Shift-Dir - straight line, f - gnoll
Aim: a gnoll, wielding a +0 spear The mass of ice explodes!
The iceblast engulfs the gnoll!
The gnoll is severely wounded.
Unknown command.
Unknown command.
Unknown command.
Aiming: Iceblast
Press: ? - help, Shift-Dir - straight line, f/p - gnoll
Aim: a gnoll, wielding a +0 spear (severely wounded)
The mass of ice explodes!
The iceblast engulfs the gnoll!
You kill the gnoll!
Unknown command.
Unknown command.
Unknown command.
Casting: Sticky Flame (quite dangerous; 8% risk of failure)
Confirm with . or Enter, or press ? or * to list all spells.
You conjure some foxfire!
Your foxfire dissipates!
The foxfire hits the gnoll but does no damage.
There is a stone staircase leading up here.
The gnoll barely misses you.
You see here a +0 spear.
The gnoll hits you with a +0 flail!
You die... ... #.#.#.#.#.# #.# #.##...##.# #.# #.###.###.# ##.# #.##..# #)# gg#

#.##.## #.# ##)#
#.##.# #.#
#).#####.##.## #.#
##.......#...###.#
#######...#.g@..#
#.#...#####
#.##..# ###.###.#
### #.....#.# ..#
#.###.#g# #.# #.#
#.#.# ..#
#.###.#.# ..#
#.†...#.#


You could see a gnoll.

Vanquished Creatures
  Eustachio (D:5)
  A gnoll sergeant (D:5)
  A scorpion (D:4)
  A bullfrog skeleton (D:4)
  A hound (D:4)
  A jelly (D:5)
  A centaur skeleton (D:4)
  Terence (D:3)
  2 iguanas
  Ijyb (D:3)
  2 orc wizards (D:4)
  A worker ant (D:4)
  A hound skeleton (D:4)
  7 gnolls
  An adder (D:4)
  An ooze (D:1)
  A worm (D:2)
  5 dart slugs
  4 leopard geckos
  10 orcs
  A giant cockroach (D:1)
  7 goblins
  4 hobgoblins (D:1)
  4 ball pythons
  7 bats
  7 frilled lizards
  10 kobolds
  8 rats
92 creatures vanquished.

Vanquished Creatures (others)
  237 foxfires
237 creatures vanquished.

Grand Total: 329 creatures vanquished

Notes
Turn   | Place    | Note
-------+----------+-------------------------------------------
     0 | D:1      | hellse the Deep Elf Fire Elementalist began the quest for
                  | the Orb.
     0 | D:1      | Reached XP level 1. HP: 10/10 MP: 6/6
   239 | D:1      | Reached XP level 2. HP: 15/15 MP: 6/8
   736 | D:1      | Reached XP level 3. HP: 19/19 MP: 6/9
  1561 | D:2      | Found an iron altar of Okawaru.
  1725 | D:2      | Found a bloodstained altar of Trog.
  1777 | D:2      | Noticed a scorpion
  3026 | D:3      | Reached XP level 4. HP: 24/24 MP: 6/10
  3031 | D:3      | Learned a level 4 spell: Sticky Flame
  3360 | D:3      | Noticed Ijyb
  3426 | D:3      | Noticed Terence
  3440 | D:3      | Killed Terence
  3750 | D:3      | Killed Ijyb
  3965 | D:3      | Reached XP level 5. HP: 28/28 MP: 9/11
  3971 | D:3      | Learned a level 5 spell: Fireball
  4055 | D:4      | Reached skill level 5 in Conjurations
  4055 | D:4      | Reached skill level 5 in Fire Magic
  4458 | D:4      | Reached XP level 6. HP: 32/32 MP: 8/12
  5330 | D:5      | Entered Level 5 of the Dungeon
  5489 | D:5      | Noticed Eustachio
  5501 | D:5      | Killed Eustachio
  5502 | D:5      | Reached XP level 7. HP: 25/36 MP: 8/13
  5625 | D:5      | HP: 1/36 [gnoll/+0 spear (4)]
  5684 | D:5      | Slain by a gnoll

Illustrated notes

Levels and vault maps discovered:
D:1:      arrival_zaba_pyramid, layout_basic
D:2:      layout_loops_ring, kennysheep_okawaru_gauntlet, lemuel_round_altar,
          uniq_jessica
D:3:      layout_basic, minmay_fractal_squares_diagonal_5, uniq_terence,
          uniq_ijyb
D:4:      layout_loops_cross
D:5:      layout_loops_ring, amethyst_overflow_temple_binary,
          gammafunk_ghost_hive, grunt_decor_cap, uniq_eustachio

Skill      XL: |  1  2  3  4  5  6 |
---------------+-------------------+-----
Conjurations   | 2 3 4 5 6 |  6.8
Fire Magic     | 4 5 6 |  6.8
Dodging        | |  2.4
Stealth        | |  2.4
Spellcasting   | |  3.0

Action                   |  1- 3 |  4- 6 |  7- 9 || total
-------------------------+-------+-------+-------++-------
Melee: Unarmed           |     1 |       |       ||     1
       Dagger            |       |    28 |     1 ||    29
 Cast: Foxfire           |    88 |    59 |     8 ||   155
       Sticky Flame      |       |     6 |     1 ||     7
       Fireball          |       |     1 |       ||     1
Evoke: Wand              |       |       |     2 ||     2
  Use: Scroll            |       |     5 |       ||     5
Armor: Robe              |     2 |     6 |       ||     8
Dodge: Dodged            |    22 |    28 |     4 ||    54

Table legend: (Time is in decaauts)
 A = Elapsed time spent in this place.
 B = Non-inter-level travel time spent in this place.
 C = Inter-level travel time spent in this place.
 D = Time resting spent in this place.
 E = Time spent auto-exploring this place.
 F = Levels seen in this place.
 G = Mean time per level.
                   A        B        C        D        E       F      G
               +--------+--------+--------+--------+--------+-----+--------+
         Total |   5687 |   5406 |    281 |   1581 |   2816 |   5 | 1137.4 |
       Dungeon |   5687 |   5406 |    281 |   1581 |   2816 |   5 | 1137.4 |
               +--------+--------+--------+--------+--------+-----+--------+

Top non-repeatable levels by time:
     D:1: 2340 daAuts
     D:4: 1357 daAuts
     D:3: 868 daAuts
     D:2: 766 daAuts
     D:5: 353 daAuts
